 Dungeon Crawl Stone Soup version 0.20.0-8-g6b59dc7 (webtiles) character file.

130 kraftydee the Cudgeler (level 4, 0/45 HPs)
             Began as a Troll Abyssal Knight on May 31, 2017.
             Was a Believer of Lugonu.
             Slain by a gnoll
             ... wielding a +0 spear
              (6 damage)
             ... on level 3 of the Dungeon.
             The game lasted 00:06:36 (1491 turns).

kraftydee the Cudgeler (Troll Abyssal Knight)       Turns: 1491, Time: 00:06:37

Health: 0/45       AC:  8    Str: 21    XL:     4   Next: 90%
Magic:  3/4        EV: 10    Int:  8    God:    Lugonu [**....]
Gold:   235        SH:  0    Dex:  9    Spells: 3/3 levels left

rFire    . . .     SeeInvis .   a - +1 mace
rCold    + . .     Gourm    +   (no shield)
rNeg     . . .     Faith    .   n - +1 robe {rC+}
rPois    .         Spirit   .   (helmet restricted)
rElec    .         Reflect  .   (no cloak)
rCorr    .         Harm     .   (gloves unavailable)
MR       .....                  (boots unavailable)
Stlth    +.........             (no amulet)
Regen    0.6/turn               d - ring of flight
MPRegen  0.1/turn               j - +2 ring of protection

@: no status effects
A: unfitting armour, claws 3, fast metabolism 3, gourmand, regeneration 1,
shaggy fur 1, tough skin 2
a: Depart the Abyss, Bend Space, Renounce Religion, Evoke Flight


You were on level 3 of the Dungeon.
You worshipped Lugonu.
Lugonu was pleased with you.
You were very full.

You visited 1 branch of the dungeon, and saw 3 of its levels.
You visited the Abyss 1 time.

You collected 235 gold pieces.

Inventory:

Hand Weapons
 a - a +1 mace (weapon)
 r - a +0 flail
Armour
 b - a +0 robe
 e - a +2 buckler
 n - a +1 robe of cold resistance (worn)
Jewellery
 d - a ring of flight (left claw)
 j - a +2 ring of protection (right claw)
 m - an uncursed ring of resist corrosion {unknown}
Wands
 s - a wand of disintegration (15/24)
Scrolls
 f - 2 scrolls of fear
 g - 5 scrolls of identify
 o - 2 scrolls of noise {unknown}
 q - 2 scrolls of remove curse {unknown}
 t - a scroll of blinking {unknown}
 v - 2 scrolls of teleportation
Potions
 l - a potion of mutation {unknown}
 p - a potion of brilliance {unknown}
 u - a potion of heal wounds {unknown}
Comestibles
 c - 2 bread rations
 h - 2 royal jellies
 i - 2 meat rations
 k - 6 fruits


   Skills:
 + Level 3.2 Fighting
 + Level 3.2 Maces & Flails
 + Level 2.7 Dodging
 + Level 0.1 Stealth
 + Level 1.6 Invocations


You had 3 spell levels left.
You didn't know any spells.

Dungeon Overview and Level Annotations

Branches:
Dungeon (3/15)

Altars:
Fedhas
Yredelemnul


Innate Abilities, Weirdness & Mutations

You are too large for most types of armour.
You have claws for hands.
Your metabolism is lightning-fast.
You like to eat raw meat.
Your natural rate of healing is unusually fast.
You are covered in fur. (AC +1)
You have very tough skin. (AC +2)


Message History

You hit the gnoll but do no damage.
The gnoll hits you from afar with a spear.
The gnoll hits you from afar with a spear!
The gnoll barely misses you. The kobold hits you with a club.
You are too injured to fight recklessly!
You are too injured to fight recklessly!
You are too injured to fight recklessly!
You are too injured to fight recklessly!
You are too injured to fight recklessly!
You are too injured to fight recklessly!
You thump the kobold!
You kill the kobold!
Lugonu accepts your kill.
The gnoll hits you from afar with a spear.
* * * LOW HITPOINT WARNING * * *
The gnoll hits you but does no damage. The gnoll hits you with a club!
* * * LOW HITPOINT WARNING * * *
The gnoll closely misses you.
The gnoll hits you from afar with a spear.
You die...

.. ######## ... #.......
....##############.......
.......)..)..............
..##gg.#########.......
#.g)# #....... #..@#
#######. #...# #. #..(#
## #...# #####


You could see 3 gnolls.

Vanquished Creatures
  Jessica (D:2)
  Terence (D:3)
  An adder (D:3)
  2 oozes (D:2)
  6 leopard geckos
  3 giant cockroaches
  2 goblins (D:2)
  3 hobgoblins
  9 jackals
  8 kobolds
  2 quokkas
  6 bats
  4 frilled lizards
  7 rats
55 creatures vanquished.

Notes
Turn   | Place    | Note
-------+----------+-------------------------------------------
     0 | Abyss:1  | kraftydee the Troll Abyssal Knight began the quest for the Orb.
     0 | Abyss:1  | Reached XP level 1. HP: 22/22 MP: 1/1
    25 | Abyss:1  | Noticed a crimson imp
    25 | Abyss:1  | Noticed a crimson imp
    26 | Abyss:1  | Noticed a crimson imp
    33 | D:1      | Escaped the Abyss
   200 | D:1      | Reached XP level 2. HP: 25/29 MP: 2/2
   745 | D:2      | Reached XP level 3. HP: 36/36 MP: 3/3
   859 | D:2      | Reached ** piety under Lugonu
   882 | D:2      | Noticed Jessica
   895 | D:2      | Killed Jessica
   898 | D:2      | Reached XP level 4. HP: 42/45 MP: 4/4
  1140 | D:2      | Found a basalt altar of Yredelemnul.
  1140 | D:2      | Found a blossoming altar of Fedhas.
  1247 | D:3      | Noticed Terence
  1301 | D:3      | HP: 2/45 [Terence/flail (2)]
  1302 | D:3      | Killed Terence
  1491 | D:3      | Slain by a gnoll

Skill      XL: |  1  2  3  4 |
---------------+-------------+-----
Dodging        | 2 |  2.7
Maces & Flails | 2 3 |  3.2
Fighting       | 3 |  3.2
Stealth        | |  0.1
Invocations    | |  1.6

Action                   |  1- 3 |  4- 6 || total
-------------------------+-------+-------++-------
Melee: Mace              |    83 |    68 ||   151
       Flail             |       |     9 ||     9
Invok: Bend Space        |     1 |     2 ||     3
  Use: Scroll            |     3 |       ||     3
       Potion            |     2 |     1 ||     3
  Eat: Chunk             |     7 |     6 ||    13
       Bread ration      |     1 |       ||     1
Armor: Robe              |    40 |    35 ||    75
Dodge: Dodged            |    64 |    56 ||   120
